 Dungeon Crawl Stone Soup version 0.24-a0-507-g3e8b242632 (webtiles) character file.

Game seed: 2994815954917776755

7032 tilp the Transmogrifier (level 10, 0/83 HPs)
             Began as a Demigod Transmuter on July 18, 2019.
             Slain by a freezing wraith (6 damage)
             ... on level 10 of the Dungeon.
             The game lasted 00:38:39 (9987 turns).

tilp the Transmogrifier (Demigod Transmuter)        Turns: 9987, Time: 00:38:39

Health: 0/83       AC: 13    Str: 13    XL:     10   Next: 53%
Magic:  22/30      EV: 14    Int: 23    God:
Gold:   253        SH:  0    Dex: 16    Spells: 4/19 levels left

rFire    + . .     SeeInvis .     - Unarmed
rCold    . . .     Gourm    .   (no shield)
rNeg     . . .     Faith    .   o - +2 leather armour {rF+}
rPois    .         Spirit   .   h - +0 helmet
rElec    .         Reflect  .   p - +1 cloak
rCorr    .         Harm     .   f - +2 pair of gloves
MR       +....                  J - +1 pair of boots {run}
Stlth    +.........             l - amulet of regeneration
HPRegen  0.63/turn              N - ring of magical power
MPRegen  0.22/turn              (no ring)

@: very slightly contaminated, slowed, very slow
A: high mp 1
a: no special abilities


You were on level 10 of the Dungeon.
You were hungry.

You visited 1 branch of the dungeon, and saw 10 of its levels.
You also visited: Ossuary.

You collected 694 gold pieces.
You spent 441 gold pieces at shops.

Inventory:

Missiles
 a - 103 arrows
 g - 2 throwing nets
 B - 42 poisoned darts
 E - 2 javelins (quivered)
 P - 6 boomerangs
Armour
 f - a +2 pair of gloves (worn)
 h - a +0 helmet (worn)
 o - a +2 leather armour of fire resistance (worn)
 p - a +1 cloak (worn)
 F - a +2 buckler of fire resistance
 J - a +1 pair of boots of running (worn)
Magical Staves
 b - an uncursed staff of wizardry
Jewellery
 l - an amulet of regeneration (around neck)
 N - a ring of magical power (left hand)
Wands
 e - a wand of acid (9)
 r - a wand of paralysis (5)
 H - a wand of enslavement (22)
 I - a wand of disintegration (9)
Scrolls
 d - 3 scrolls of amnesia
 j - 8 scrolls of teleportation
 u - 4 scrolls of remove curse
 w - a scroll of magic mapping {unknown}
 x - a scroll of fog
 y - 4 scrolls of blinking
 K - a scroll of immolation {unknown}
 M - 2 scrolls of fear
Potions
 i - a potion of haste
 k - a potion of brilliance
 m - 2 potions of cancellation
 n - 2 potions of flight
 q - 2 potions of lignification
 s - 3 potions of ambrosia
 t - 5 potions of curing
 v - 2 potions of heal wounds
 z - 2 potions of agility {unknown}
 A - a potion of degeneration {unknown}
 C - a potion of mutation
 D - 2 potions of invisibility
 G - 2 potions of berserk rage
 L - 3 potions of might
Comestibles
 c - 19 rations


   Skills:
 - Level 6.1 Fighting
 - Level 4.0 Dodging
 - Level 8.0 Unarmed Combat
 + Level 5.3 Spellcasting
 + Level 9.0 Transmutations
 - Level 4.0 Evocations


You had 4 spell levels left.
You knew the following spells:

 Your Spells              Type           Power        Failure   Level  Hunger
a - Beastly Appendage     Tmut           #####.       1%          1    None
b - Sticks to Snakes      Tmut           #####...     1%          2    None
c - Spider Form           Tmut/Pois      ####......   5%          3    ##.....
d - Ice Form              Ice/Tmut       ####....     19%         4    ####...
e - Blade Hands           Tmut           #####.....   8%          5    #####..

Your spell library contained the following spells:

 Spells                   Type           Power        Failure   Level  Hunger
 Infusion                 Chrm           #...         12%         1    None
 Magic Dart               Conj           #...         12%         1    None
 Summon Small Mammal      Summ           #...         12%         1    None
 Call Imp                 Summ           #.......     17%         2    None
 Searing Ray              Conj           #.....       17%         2    None
 Shroud of Golubria       Chrm/Tloc      #.....       17%         2    None
 Song of Slaying          Chrm           #.......     17%         2    None
 Call Canine Familiar     Summ           #.......     34%         3    ##.....
 Dazzling Spray           Conj/Hex       #.....       34%         3    ##.....
 Regeneration             Chrm/Necr      #.........   34%         3    ##.....
 Spectral Weapon          Hex/Chrm       #.......     34%         3    ##.....
 Summon Guardian Golem    Hex/Summ       #.......     34%         3    ##.....
 Force Lance              Conj/Tloc      #.......     75%         4    ####...
 Fulminant Prism          Conj/Hex       #.........   75%         4    ####...
 Iskenderun's Mystic Bla  Conj           #.......     75%         4    ####...
 Summon Ice Beast         Ice/Summ       #.......     75%         4    ####...
 Summon Lightning Spire   Summ/Air       #.......     75%         4    ####...


Dungeon Overview and Level Annotations

Branches:
Dungeon (10/15)            Temple (0/1) D:4            Lair (0/6) D:10
    Orc (0/2) D:10

Shops:
D:8 *

Portals:
Trove: D:10 (give 22 scrolls of identify)

Annotations:
D:4 Ijyb


Innate Abilities, Weirdness & Mutations

You have an increased reservoir of magic. (+10% MP)


Message History

You slash the freezing wraith!
The freezing wraith is severely damaged.
The freezing wraith barely misses you. The freezing wraith misses you.
You barely miss the freezing wraith.
The freezing wraith is severely damaged.
The freezing wraith hits you! The freezing wraith freezes you!!
The freezing wraith closely misses you.
You hit the freezing wraith but do no damage.
The freezing wraith is severely damaged.
The freezing wraith hits you. The freezing wraith freezes you!
* * * LOW HITPOINT WARNING * * *
The freezing wraith hits you!
* * * LOW HITPOINT WARNING * * *
The freezing wraith drains your vigour!
You feel yourself slow down.
You slash the freezing wraith!
The freezing wraith is almost destroyed.
Your hands revert to their normal proportions.
Your +2 pair of gloves unmelds from your body.
The freezing wraith hits you.
You die...

.##.#####.##...#.#.#
.##.# #....#######
....# #.##.##8.8##
....# #.##.#..}..#
.#..#####.##.#.....
.#..#.....#####...#
....#####.# #⌠.⌠#
####....### #.W.#
#.#..# #⌠@⌠## #....#
#....# ...#....#
#...#...# ...#....#
#...#...# ...#.##.#
#.. #.#.# ...#....#
#.. #.#.# ...######
####+#.#.# ...#####
#........# .......#
#..#.....#


You could see a freezing wraith.

Vanquished Creatures
  Erolcha (D:9)
  A gargoyle (D:10)
  A troll (D:10)
  Prince Ribbit (D:7)
  3 hippogriffs
  A vampire (D:10)
  3 yaks (D:8)
  Grum (D:8)
  3 wargs (D:10)
  A water moccasin (D:9)
  3 orc warriors
  3 ice beasts
  2 sky beasts
  4 ogres
  2 phantoms (D:5)
  3 centaurs
  3 wolves (D:8)
  A big kobold (D:8)
  2 gnoll sergeants
  3 bullfrogs
  A wyvern zombie (D:9)
  A water moccasin zombie (D:10)
  A scorpion (D:7)
  4 killer bees (D:10)
  A howler monkey (D:9)
  6 crimson imps
  A centaur zombie (D:9)
  A quasit (D:6)
  3 hounds
  2 jellies
  5 orc wizards
  5 orc priests
  3 iguanas
  Natasha (D:2)
  2 worker ants
  A hound skeleton (D:5)
  14 mummies
  14 gnolls
  6 adders
  6 shadow imps
  An ooze (D:7)
  An adder zombie (D:7)
  2 worms
  A dart slug (D:1)
  7 leopard geckos
  26 orcs
  6 giant cockroaches
  6 goblins
  5 hobgoblins
  4 jackals (D:7)
  10 kobolds
  9 quokkas
  A ball python (D:6)
  9 bats
  5 frilled lizards
  A gnoll skeleton (Ossuary)
  4 goblin skeletons
  A goblin zombie (D:5)
  A hobgoblin zombie (D:5)
  3 kobold skeletons
  A leopard gecko skeleton (D:4)
  3 orc skeletons
  A quokka skeleton (D:4)
  6 rats
  11 rat skeletons (Ossuary)
245 creatures vanquished.

Vanquished Creatures (collateral kills)
  3 killer bees (D:9)
  An orc wizard (D:4)
  2 worker ants
  An orc (D:4)
7 creatures vanquished.

Grand Total: 252 creatures vanquished

Notes
Turn   | Place    | Note
-------+----------+-------------------------------------------
     0 | D:1      | tilp the Demigod Transmuter began the quest for the Orb.
     0 | D:1      | Reached XP level 1. HP: 15/15 MP: 5/5
    13 | D:1      | Reached skill level 2 in Transmutations
   195 | D:1      | Reached XP level 2. HP: 21/22 MP: 5/7
   635 | D:1      | Reached skill level 3 in Transmutations
  1150 | D:1      | Learned a level 2 spell: Sticks to Snakes
  1171 | D:2      | Reached XP level 3. HP: 27/27 MP: 6/8
  1535 | D:2      | Noticed Natasha
  1559 | D:2      | Killed Natasha
  1559 | D:2      | Reached skill level 4 in Transmutations
  1559 | D:2      | Reached XP level 4. HP: 21/34 MP: 9/9
  1648 | D:2      | Reached skill level 1 in Fighting
  1661 | D:2      | Found a burning altar of Makhleb.
  2074 | D:3      | Found a sacrificial altar of Ru.
  2178 | D:3      | Learned a level 3 spell: Spider Form
  2795 | D:4      | Found a sand-covered staircase.
  2804 | D:4      | Reached XP level 5. HP: 41/41 MP: 3/10
  2846 | Ossuary  | Entered an ossuary
  3302 | Ossuary  | Reached XP level 6. HP: 27/48 MP: 6/11
  3512 | D:4      | Found a staircase to the Ecumenical Temple.
  3630 | D:4      | Reached skill level 5 in Unarmed Combat
  3803 | D:4      | Noticed Ijyb
  4055 | D:5      | Entered Level 5 of the Dungeon
  4094 | D:5      | Found a glowing golden altar of the Shining One.
  4315 | D:5      | Reached XP level 7. HP: 53/55 MP: 7/12
  4446 | D:4      | Learned a level 4 spell: Ice Form
  4659 | D:5      | Found a bloodstained altar of Trog.
  5003 | D:5      | Reached skill level 5 in Transmutations
  5598 | D:6      | Reached XP level 8. HP: 50/61 MP: 13/17
  5605 | D:6      | Reached skill level 6 in Transmutations
  6282 | D:7      | Noticed Prince Ribbit
  6555 | D:7      | Found an opulent altar of Gozag.
  6615 | D:7      | Killed Prince Ribbit
  6644 | D:7      | Found a blossoming altar of Fedhas.
  6812 | D:7      | Found a hazy altar of Hepliaklqana.
  7166 | D:8      | Found Iqodic's General Store.
  7169 | D:8      | Bought a +0 pair of boots of running for 441 gold pieces
  7191 | D:8      | Found a stormy altar of Qazlal.
  7211 | D:8      | Noticed a hippogriff
  7301 | D:8      | Killed a hippogriff
  7301 | D:8      | Reached XP level 9. HP: 60/71 MP: 11/18
  7428 | D:8      | Noticed Grum
  7446 | D:8      | Killed Grum
  7610 | D:8      | Reached skill level 7 in Transmutations
  7824 | D:8      | Reached skill level 8 in Transmutations
  7954 | D:9      | Noticed Erolcha
  7992 | D:9      | Found a hide-covered altar of Uskayaw.
  7992 | D:9      | Noticed a +0 hand axe
  7992 | D:9      | Noticed a +0 dagger
  8117 | D:9      | Reached skill level 1 in Evocations
  8414 | D:9      | Killed Erolcha
  8414 | D:9      | Reached skill level 5 in Fighting
  8414 | D:9      | Reached XP level 10. HP: 81/81 MP: 16/19
  8935 | D:9      | Learned a level 5 spell: Blade Hands
  8936 | D:10     | Entered Level 10 of the Dungeon
  9000 | D:10     | Found a portal to a secret trove of treasure.
  9165 | D:10     | Found a staircase to the Lair.
  9524 | D:10     | Reached skill level 5 in Spellcasting
  9688 | D:10     | Found a staircase to the Orcish Mines.
  9695 | D:10     | Found a roughly hewn altar of Beogh.
  9716 | D:10     | Reached skill level 9 in Transmutations
  9987 | D:10     | Slain by a freezing wraith

Levels and vault maps discovered:
D:1:      lightli_arrival_statuegarden, layout_loops_ring, serial_forest,
          infiniplex_forest_clump_curved, infiniplex_forest_lined_3_way,
          infiniplex_forest_clump_small, infiniplex_forest_lined_4_way,
          infiniplex_forest_lined_3_way, infiniplex_forest_lined_room_2,
          minmay_misc_feat_chi, minmay_misc_feat_alley
D:2:      layout_loops_ring, makhleb_grotto_becter, minivault_27, uniq_natasha
D:3:      layout_rooms, marbit_many_paths, first_ration, minivault_4
D:4:      layout_loops_cross, minmay_temple_entry_ruins,
          gup_ossuary_entry_pyramid, chequers_big_river, uniq_ijyb
D:5:      layout_loops_ring, nicolae_tso_besieged_by_evil, chequers_avenue,
          bloody_trog
D:6:      layout_basic
D:7:      layout_basic, nicolae_overflow_crystal_walls, lemuel_doored_altar,
          kennysheep_mini, uniq_prince_ribbit1
D:8:      layout_cave_pools, nicolae_qazlal_general_emergency, serial_shops,
          kennysheep_mini_moat, grunt_ogre_cave, uniq_grum
D:9:      layout_irregular_city, dancing_weapons_uskayaw,
          chequers_serial_rivers_marsh, uniq_erolcha
D:10:     layout_stronghold, erik_lair_orcish_takeover,
          minmay_orc_entry_temple_small, nicolae_trove_entry_crossroad,
          small_chamber_with_monster

Skill      XL: |  1  2  3  4  5  6  7  8  9 10 |
---------------+-------------------------------+-----
Transmutations | 2 3 4 5 6 8 9 |  9.0
Fighting       | 2 4 5 6 |  6.1
Unarmed Combat | 3 4 6 8 |  8.0
Spellcasting   | 4 5 |  5.3
Dodging        | 2 4 |  4.0
Evocations     | 3 4 |  4.0

Action                   |  1- 3 |  4- 6 |  7- 9 | 10-12 || total
-------------------------+-------+-------+-------+-------++-------
Melee: Unarmed           |   138 |   397 |   443 |   132 ||  1110
       Headbutt          |     7 |    10 |       |       ||    17
       Kick              |    15 |    12 |       |       ||    27
       Punch             |       |     6 |     4 |     2 ||    12
Throw: Stone             |     1 |       |       |       ||     1
 Cast: Beastly Appendage |    17 |     8 |       |       ||    25
       Spider Form       |       |    22 |    34 |     7 ||    63
       Sticks to Snakes  |       |     5 |    16 |     3 ||    24
       Ice Form          |       |       |     1 |       ||     1
       Blade Hands       |       |       |       |     5 ||     5
Evoke: Wand              |       |       |     1 |       ||     1
  Use: Scroll            |     3 |    13 |     4 |     4 ||    24
 Stab: Sleeping          |       |     2 |     3 |       ||     5
       Distracted        |       |       |     2 |       ||     2
       Paralysed         |       |       |     6 |       ||     6
  Eat: Chunk             |     2 |    10 |    17 |     6 ||    35
       Ration            |       |     1 |       |       ||     1
Armor: Leather armour    |    37 |    79 |    55 |    25 ||   196
       Skin              |       |     2 |    13 |     2 ||    17
Dodge: Dodged            |    97 |   182 |   358 |   103 ||   740

Table legend:
 A = Non-vault XP
 B = Vault XP
 C = Vault XP percentage of total XP
 D = Non-vault monster count
 E = Vault monster count
 F = Vault count percentage of total count
                 A         B        C        D         E       F
            +---------+---------+-------+---------+---------+-------
      Total |    7041 |    3006 |  29.9 |     191 |      60 |  23.9
            +---------+---------+-------+---------+---------+-------
        D:1 |      33 |       0 |   0.0 |      18 |       0 |   0.0
        D:2 |      69 |      84 |  54.9 |      20 |       2 |   9.1
        D:3 |      32 |       3 |   8.6 |      17 |       1 |   5.6
        D:4 |     186 |      18 |   8.8 |      10 |       1 |   9.1
        D:5 |     690 |      16 |   2.3 |      20 |       6 |  23.1
        D:6 |     927 |       0 |   0.0 |      31 |       0 |   0.0
        D:7 |     490 |     277 |  36.1 |      16 |       1 |   5.9
        D:8 |    1364 |     627 |  31.5 |      18 |       5 |  21.7
        D:9 |    1047 |     932 |  47.1 |      20 |       1 |   4.8
       D:10 |    2203 |     799 |  26.6 |      21 |      12 |  36.4
    Ossuary |       0 |     250 | 100.0 |       0 |      31 | 100.0
            +---------+---------+-------+---------+---------+-------
